 Dungeon Crawl Stone Soup version 0.15-a0-271-g6095dc6 (webtiles) character file.

9064 Mindmaker the Unseen (level 11, -2/71 (72) HPs)
             Began as a Spriggan Chaos Knight on Apr 28, 2014.
             Was a Plaything of Xom.
             Slain by a polar bear (25 damage)
             ... in an ice cave.
             The game lasted 01:41:16 (13751 turns).

Mindmaker the Unseen (Spriggan Chaos Knight)       Turns: 13751, Time: 01:41:16

HP  -2/71 (72)   AC  5     Str  8      XL: 11   Next: 14%
MP  20/20        EV 34     Int 18      God: Xom
Gold 305         SH  0     Dex 22      Spells:  0 memorised, 10 levels left

rFire  . . .     SeeInvis +     a - +0 short sword (chaos)
rCold  . . .     Rnd*Rage +     x - +2 robe of Restlessness {rElec}
rNeg   . . .     Conserve .     (shield restricted)
rPois  .         rCorr    .     (helmet restricted)
rElec  +         rRot     .     (no cloak)
SustAb . .       Spirit   .     (gloves unavailable)
rMut   .         Warding  .     (boots unavailable)
Saprov . . .     Stasis   .     q - amulet of faith
MR     +....                    (no ring)
                                D - +3 ring of intelligence

@: very quick, somewhat resistant to hostile enchantments, extraordinarily
stealthy
A: unfitting armour, claws 2, repulsion field 1, icy blue scales 1, thin
skeletal structure 1, see invisible, agile 1, berserk 2, herbivore 3, speed 3,
robust 3, slow metabolism 2, evolution 1
a: Renounce Religion


You were in an ice cave.
You worshipped Xom.
You were a plaything of Xom.
You were not hungry.

You visited 3 branches of the dungeon, and saw 10 of its levels.
You also visited: Ice Cave.

You collected 461 gold pieces.
You spent 156 gold pieces at shops.

Inventory:

Hand weapons
 a - a +0,+0 short sword of chaos (weapon)
 b - a +0 blowgun
 f - a +1,+0 short sword of protection
Missiles
 g - 76 darts (quivered)
 i - 3 darts of flame
 z - 19 poisoned needles
Armour
 x - the +2 robe of Restlessness (worn) {rElec}
   (You found it on level 8 of the Dungeon)

   It insulates you from electricity.
Magical devices
 m - a wand of paralysis (21)
 t - a wand of slowing (17)
Comestibles
 r - 4 bread rations
Scrolls
 o - 2 scrolls of fear
 u - 2 scrolls of teleportation
 w - 6 scrolls of blinking
 C - a scroll of remove curse
Jewellery
 j - an uncursed amulet of stasis {unknown}
 q - an amulet of faith (around neck)
 D - a +3 ring of intelligence (left claw)
Potions
 c - a potion of might
Books
 e - Chiriff's Reference Book on Gliding Protection
   (Xom gifted it to you on level 6 of the Dungeon)

   Spells                             Type                      Level
   Repel Missiles                     Charms/Air                   2
   Swiftness                          Charms/Air                   2
   Flight                             Charms/Air                   3
   Spectral Weapon                    Hexes/Charms                 3
   Ring of Flames                     Charms/Fire                  7
Miscellaneous
 d - a stone of tremors


   Skills:
 - Level 6.0 Fighting
 - Level 10.0 Short Blades
 + Level 12.8 Dodging
 - Level 15.0 Stealth


You had 10 spell levels left.
You didn't know any spells.

Dungeon Overview and Level Annotations

Branches:
Dungeon (8/15)             Temple (1/1) D:6            Lair (1/8) D:8

Altars:
Ashenzari
Cheibriados
Dithmenos
Elyvilon
Fedhas
Kikubaaqudgha
Makhleb
Nemelex Xobeh
Okawaru
Sif Muna
Trog
Vehumet
Yredelemnul
The Shining One

Shops:
D:4 %}?*(   D:7 [[}

Annotations:
D:3 SkaryMonk's ghost, average DEFE
D:4 Natasha
Lair:1 Fannar


Innate Abilities, Weirdness & Mutations

You are tiny and cannot use many weapons and most armour.
You have supernaturally acute eyesight.
You are a herbivore.
You cover ground extremely quickly.
You need consume almost no food.
You have very sharp fingernails.
You are surrounded by a mild repulsion field (EV +2).
You are partially covered in icy blue scales (AC +1).
You have a somewhat thin skeletal structure (Dex +2, Stealth).
You are agile. (Dex +2)
You often lose your temper in combat.
You are extremely robust (+30% HP).
You evolve.


Message History

Your polar bear completely misses the polar bear.
Your polar bear barely misses the polar bear.
Your polar bear claws the polar bear but does no damage.
You barely miss the polar bear.
The polar bear is severely wounded.
The polar bear completely misses you. x3
You barely miss the polar bear.
The polar bear is severely wounded.
Xom's attention turns to you for a moment.
You feel a surge of energy from the ground.
Your polar bear bites the polar bear!
The polar bear dies!
You start resting.
Your polar bear rages. x2
You are engulfed in freezing vapours.
The polar bear is no longer charmed.
The polar bear is engulfed in freezing vapours.
The polar bear completely misses you. x3
The polar bear is engulfed in freezing vapours.
The polar bear bites you!
You die...

#:##
≈≈≈≈≈≈≈≈#.#
([[#
##≈≈≈≈≈##.##
:"(## #≈≈≈≈≈
##.# =$$$#
##≈≈#≈ ##%#
$$$Y# .#≈##
#%.# $$.## h
#≈.###..#
$...##..#
###.#...#
$.C.....#
#..#...#
.......##
###§§§##
##...h.#
#@h##
#....## #§##
#....# #§§#
##..## ##§#
##.## #§§#
#.## ##§§#
#h## #§# #.
§# .# .# .
h#


You could see a polar bear (berserk).

Vanquished Creatures
  A komodo dragon (D:8)
  14 polar bears (IceCv)
  A raven (D:8)
  9 yaks (IceCv)
  A steam dragon (D:8)
  A hippogriff (D:8)
  2 hungry ghosts
  Menkaure (D:7)
  7 wolves (IceCv)
  A necrophage (D:7)
  3 porcupines
  The ghost of flinch the Changer, an average FeTm (D:4)
  2 orc warriors
  3 phantoms (D:5)
  2 ice beasts
  2 ogres (D:4)
  2 centaurs
  A big kobold (D:7)
  A gnoll sergeant (D:7)
  3 giant frogs
  A wyvern skeleton (D:8)
  6 killer bees
  A quasit (IceCv)
  A yak skeleton (D:7)
  A centaur zombie (D:7)
  2 orc priests
  An electric eel (D:6)
  A jelly (D:7)
  Crazy Yiuf (D:4)
  4 iguanas
  An iron imp (IceCv)
  2 orange rats
  2 hounds
  An orc wizard (D:5)
  5 worker ants
  2 hound zombies
  A mummy (D:5)
  4 gnolls (D:7)
  A green rat (D:8)
  10 adders
  2 white imps
  2 inept feature mimics
  3 shadow imps
  3 worms
  A goliath beetle zombie (D:5)
  An ufetubus (IceCv)
  An orc skeleton (D:6)
  An iguana skeleton (D:5)
  A giant eyeball (D:7)
  4 giant geckos
  2 oozes
  21 orcs
  5 giant cockroaches
  A gnoll zombie (D:8)
  10 goblins
  14 hobgoblins
  23 kobolds
  6 quokkas
  16 bats
  2 giant newts
  A goblin zombie (D:5)
  A hobgoblin skeleton (D:5)
  A hobgoblin zombie (D:5)
  18 jackals
  3 kobold zombies
  3 orc zombies
  A quokka skeleton (D:5)
  10 rats
  A spectral orc (D:5)
  2 fungi (D:4)
266 creatures vanquished.

Vanquished Creatures (collateral kills)
  A death yak (IceCv)
  A polar bear (IceCv)
  A two-headed ogre (D:8)
  A yak (IceCv)
  An orc warrior (D:7)
  2 scorpions
  2 orc priests (D:7)
  An orc wizard (D:7)
  Ijyb (D:4)
  A goliath beetle zombie (D:5)
  8 orcs
  A bat (D:7)
  A hobgoblin (D:4)
  A goblin skeleton (D:5)
23 creatures vanquished.

Vanquished Creatures (others)
  2 yaks (IceCv)
  3 wolves (IceCv)
  2 crimson imps
  2 quasits
  An iron imp (D:8)
  A white imp (D:8)
  2 shadow imps
  An ufetubus (D:8)
  A goblin zombie (D:6)
  2 butterflies (D:3)
17 creatures vanquished.

Grand Total: 306 creatures vanquished

Notes
Turn   | Place    | Note
--------------------------------------------------------------
     0 | D:1      | Mindmaker, the Spriggan Chaos Knight, began the quest for the Orb.
     0 | D:1      | Reached XP level 1. HP: 11/11 MP: 2/2
   209 | D:1      | XOM: silly message
   260 | D:1      | Reached XP level 2. HP: 10/16 MP: 4/4
   383 | D:1      | Reached skill level 4 in Short Blades
   779 | D:1      | XOM: cast spell 'Spider Form'
   829 | D:2      | Reached XP level 3. HP: 19/19 MP: 6/6
   844 | D:2      | Found a burning altar of Makhleb.
   909 | D:2      | Reached skill level 5 in Short Blades
   968 | D:2      | Reached skill level 1 in Stealth
  1087 | D:2      | Reached XP level 4. HP: 18/23 MP: 8/8
  1101 | D:2      | XOM: silly message
  1111 | D:2      | XOM: potion effect (agility)
  1872 | D:2      | XOM: noise
  1917 | D:3      | Noticed SkaryMonk's ghost (average DEFE)
  1969 | D:3      | XOM: harmless Necr miscast
  2041 | D:3      | XOM: divination: detect creatures
  2079 | D:3      | Found a white marble altar of Elyvilon.
  2221 | D:3      | XOM: colour smoke trail
  2359 | D:3      | Reached skill level 5 in Stealth
  2359 | D:3      | Reached XP level 5. HP: 27/27 MP: 10/10
  2792 | D:2      | XOM: mild Tloc miscast
  2816 | D:2      | XOM: harmless Erth miscast
  3048 | D:3      | XOM: mild Conj miscast
  3070 | D:3      | XOM: colour smoke trail
  3334 | D:3      | XOM: colour smoke trail
  3365 | D:4      | Noticed flinch's ghost (average FeTm)
  3402 | D:3      | XOM: harmless Necr miscast
  3536 | D:3      | XOM: noise
  3628 | D:4      | Found Fehiet's General Store.
  3654 | D:4      | Bought a choko for 6 gold pieces
  3687 | D:4      | Found a radiant altar of Vehumet.
  3720 | D:4      | XOM: 1-stop teleportation journey
  3721 | D:4      | Noticed an ogre
  3723 | D:4      | Killed an ogre
  3723 | D:4      | Reached skill level 7 in Stealth
  3729 | D:4      | Found Joybb's Gadget Shop.
  3729 | D:4      | Found Cuutasti's Food Shop.
  3737 | D:4      | Found Ommiv's Magic Scroll Boutique.
  3763 | D:4      | Reached XP level 6. HP: 28/32 MP: 12/12
  3775 | D:4      | Bought a scroll of identify for 24 gold pieces
  3775 | D:4      | Bought a scroll of blinking for 90 gold pieces
  3775 | D:4      | Bought a scroll of teleportation for 36 gold pieces
  3921 | D:4      | Found Sudaump's Weapon Shoppe.
  4069 | D:4      | Found a shattered altar of Ashenzari.
  4136 | D:4      | Reached skill level 8 in Stealth
  4139 | D:4      | XOM: harmless Divn miscast
  4140 | D:4      | XOM: cast spell 'Summon Dragon'
  4191 | D:4      | Noticed Ijyb
  4195 | D:4      | Noticed Natasha
  4203 | D:4      | Killed Ijyb
  4635 | D:3      | XOM: harmless Trmt miscast
  4670 | D:4      | Noticed a hungry ghost
  4681 | D:4      | Killed a hungry ghost
  4881 | D:4      | XOM: confusion
  4890 | D:4      | XOM: silly message
  4897 | D:4      | XOM: mild Erth miscast
  4901 | D:4      | XOM: enchant monster (good)
  5118 | D:4      | XOM: silly message
  5258 | D:4      | Noticed Crazy Yiuf
  5264 | D:4      | Killed Crazy Yiuf
  5264 | D:4      | Reached XP level 7. HP: 35/35 MP: 14/14
  5290 | D:4      | XOM: confuse monster(s)
  5292 | D:4      | XOM: summons friendly ufetubus
  5306 | D:4      | Killed flinch's ghost
  5413 | D:5      | Entered Level 5 of the Dungeon
  5437 | D:4      | XOM: potion effect (berserk rage)
  5561 | D:5      | XOM: silly message
  5668 | D:4      | XOM: enchant monster (bad)
  5801 | D:5      | XOM: 1-stop teleportation journey
  6249 | D:5      | Reached skill level 5 in Dodging
  6447 | D:5      | XOM: divination: detect creatures
  6540 | D:5      | XOM: polymorph crimson imp -> white imp
  6631 | D:5      | Reached XP level 8. HP: 26/39 MP: 16/16
  6685 | D:5      | Found a basalt altar of Yredelemnul.
  6708 | D:5      | XOM: 1-stop teleportation journey
  6897 | D:5      | XOM: 8-stop teleportation journey
  6924 | D:5      | XOM: give mutations
  6924 | D:5      | Gained mutation: You are partially covered in icy blue scales (AC +1). [Xom's grace]
  6924 | D:5      | Gained mutation: You are robust (+10% HP). [Xom's grace]
  6924 | D:5      | Gained mutation: You can spit poison. [Xom's grace]
  7233 | D:5      | XOM: cast spell 'Monstrous Menagerie'
  7235 | D:5      | XOM: polymorph worker ant -> orange rat
  7311 | D:5      | XOM: summons 2 hostile shadow creatures
  7497 | D:6      | XOM: confusion
  7540 | D:6      | XOM: 6-stop teleportation journey
  7560 | D:6      | Found a staircase to the Ecumenical Temple.
  7566 | Temple   | Entered the Ecumenical Temple
  7701 | D:6      | XOM: god gift: 25 stones
  7714 | D:6      | XOM: summons 7 friendly demons
  7841 | D:6      | XOM: 2-stop teleportation journey
  7985 | D:6      | XOM: god gift: black book {god gift}
  7986 | D:6      | Reached skill level 9 in Dodging
  7987 | D:6      | Identified Claexut's Disquisition on the Escort and Orientation (Xom gifted it to you on level 6 of the Dungeon)
  8191 | D:6      | Found an iron altar of Okawaru.
  8313 | D:6      | XOM: god gift: graven book {god gift}
  8314 | D:6      | Identified Chiriff's Reference Book on Gliding Protection (Xom gifted it to you on level 6 of the Dungeon)
  8589 | D:6      | XOM: summons 7 friendly demons
  8604 | D:6      | Reached skill level 10 in Dodging
  8664 | D:6      | XOM: colour smoke trail
  8781 | D:7      | Found Waib's Armour Emporium.
  8787 | D:7      | XOM: mild Divn miscast
  8793 | D:7      | Found Hotezaugo's Magic Scroll Shoppe.
  8799 | D:7      | Hotezaugo's Magic Scroll Shoppe was a mimic.
  8820 | D:7      | Noticed Menkaure
  8822 | D:7      | Killed Menkaure
  8928 | D:7      | XOM: potion effect (might)
  8942 | D:7      | XOM: harmless Ice miscast
  8973 | D:7      | XOM: harmless Tloc miscast
  9013 | D:7      | XOM: enchant monster (bad)
  9256 | D:7      | Reached skill level 10 in Stealth
  9293 | D:7      | XOM: 1-stop teleportation journey
  9336 | D:7      | Reached XP level 9. HP: 38/47 MP: 18/18
  9340 | D:7      | Found Xuxzoso's Armour Emporium.
  9460 | D:7      | XOM: harmless Divn miscast
  9481 | D:7      | XOM: confusion
  9508 | D:7      | Reached skill level 11 in Stealth
  9760 | D:7      | XOM: confusion
  9770 | D:7      | XOM: give mutations
  9770 | D:7      | Gained mutation: You are very robust (+20% HP). [Xom's grace]
  9770 | D:7      | Gained mutation: You are surrounded by a mild repulsion field (EV +2). [Xom's grace]
  9770 | D:7      | Gained mutation: You can translocate small distances at will. [Xom's grace]
  9788 | D:7      | XOM: 4-stop teleportation journey
  9915 | D:7      | Found Wulez's Gadget Emporium.
 10035 | D:8      | XOM: colour smoke trail
 10105 | D:8      | XOM: mild Summ miscast
 10112 | D:8      | XOM: harmless Fire miscast
 10137 | D:7      | Reached skill level 12 in Stealth
 10194 | D:7      | XOM: mild Conj miscast
 10240 | D:8      | XOM: 2-stop teleportation journey
 10245 | D:8      | XOM: give mutations
 10245 | D:8      | Gained mutation: You have sharp fingernails. [Xom's mischief]
 10245 | D:8      | Gained mutation: You are dopey. (Int -2) [Xom's mischief]
 10245 | D:8      | Gained mutation: You evolve. [Xom's mischief]
 10251 | D:8      | Noticed a komodo dragon
 10251 | D:8      | XOM: summons friendly shadow imp
 10469 | D:8      | XOM: cast spell 'Metabolic Englaciation'
 10586 | D:8      | XOM: 2-stop teleportation journey
 10590 | D:8      | XOM: stat loss: -1 Str (7/8)
 10649 | D:7      | XOM: medium Fire miscast
 10766 | D:7      | XOM: give mutations
 10766 | D:7      | Gained mutation: You tend to lose your temper in combat. [Xom's mischief]
 10766 | D:7      | Lost mutation: You can translocate small distances at will. [Xom's mischief]
 10766 | D:7      | Lost mutation: You are dopey. (Int -2) [Xom's mischief]
 10766 | D:7      | Lost mutation: You can spit poison. [Xom's mischief]
 10792 | D:7      | Gained mutation: You have very sharp fingernails. [evolution]
 10943 | D:8      | Found a staircase to the Lair.
 10962 | D:8      | XOM: summons 1 hostile demon
 10965 | D:8      | XOM: 2-stop teleportation journey
 10966 | D:8      | XOM: polymorph porcupine -> scorpion
 10992 | D:8      | XOM: enchant monster (good)
 11019 | D:8      | XOM: give mutations
 11019 | D:8      | Gained mutation: You often lose your temper in combat. [Xom's mischief]
 11019 | D:8      | Gained mutation: You are weak. (Str -2) [Xom's mischief]
 11023 | D:8      | XOM: blink monster(s)
 11029 | D:8      | Killed a komodo dragon
 11029 | D:8      | Reached skill level 5 in Fighting
 11123 | D:7      | XOM: harmless Pois miscast
 11174 | D:7      | XOM: summons 2 hostile shadow creatures
 11212 | D:8      | XOM: summons friendly quasit
 11303 | D:8      | XOM: enchant monster (bad)
 11318 | D:8      | XOM: silly message
 11320 | D:8      | XOM: harmless Divn miscast
 11329 | D:8      | XOM: polymorph ice beast -> raven
 11330 | D:8      | XOM: enchant monster (bad)
 11331 | D:8      | XOM: enchant monster (bad)
 11333 | D:8      | XOM: confuse monster(s)
 11351 | D:8      | XOM: mild Hex miscast
 11541 | D:8      | XOM: harmless Erth miscast
 11552 | D:8      | XOM: noise
 11594 | D:8      | Got a fabulously ornate robe
 11600 | D:8      | Identified the +2 robe of Restlessness {rElec} (You found it on level 8 of the Dungeon)
 11636 | D:8      | Reached XP level 10. HP: 63/63 MP: 19/19
 11818 | D:8      | XOM: harmless Ice miscast
 11821 | D:8      | XOM: summons 10 friendly demons
 11838 | D:8      | XOM: torment (22/63 hp)
 12101 | D:8      | Found a sparkling altar of Nemelex Xobeh.
 12101 | D:8      | Found an ancient bone altar of Kikubaaqudgha.
 12106 | D:8      | XOM: harmless Divn miscast
 12171 | D:7      | XOM: mild Divn miscast
 12195 | D:7      | XOM: colour smoke trail
 12273 | D:6      | Gained mutation: You are extremely robust (+30% HP). [potion of mutation]
 12273 | D:6      | Gained mutation: You are agile. (Dex +2) [potion of mutation]
 12273 | D:6      | Gained mutation: You have a somewhat thin skeletal structure (Dex +2, Stealth). [potion of mutation]
 12274 | D:6      | Lost mutation: You are weak. (Str -2) [potion of mutation]
 12315 | D:7      | XOM: mild Conj miscast
 12520 | Lair:1   | Entered Level 1 of the Lair of Beasts
 12580 | Lair:1   | Noticed Fannar
 12603 | Lair:1   | Found a frozen archway.
 12608 | Lair:1   | XOM: blink monster(s)
 12609 | Lair:1   | XOM: cast spell 'Metabolic Englaciation'
 12614 | IceCv    | Entered an ice cave
 12625 | IceCv    | XOM: harmless Chrm miscast
 12631 | IceCv    | Reached skill level 10 in Short Blades
 12717 | IceCv    | XOM: confusion
 12806 | IceCv    | XOM: summons 5 hostile demons
 12870 | IceCv    | XOM: vitrification
 12873 | IceCv    | XOM: 8-stop teleportation journey
 12874 | IceCv    | Noticed a frost giant
 13075 | IceCv    | Reached skill level 13 in Stealth
 13085 | IceCv    | XOM: potion effect (haste)
 13100 | IceCv    | XOM: summons friendly quasit
 13104 | IceCv    | XOM: potion effect (heal wounds)
 13116 | IceCv    | XOM: divination: detect items
 13147 | IceCv    | Reached skill level 14 in Stealth
 13170 | IceCv    | XOM: potion effect (agility)
 13415 | IceCv    | Reached skill level 15 in Stealth
 13494 | IceCv    | XOM: vitrification
 13597 | IceCv    | XOM: divination: detect creatures
 13605 | IceCv    | Noticed a death yak
 13611 | IceCv    | XOM: confuse monster(s)
 13623 | IceCv    | XOM: confuse monster(s)
 13624 | IceCv    | XOM: divination: detect creatures
 13633 | IceCv    | Reached XP level 11. HP: 72/72 MP: 20/20
 13640 | IceCv    | Killed a death yak
 13646 | IceCv    | XOM: divination: detect creatures
 13663 | IceCv    | XOM: mild Necr miscast
 13672 | IceCv    | XOM: divination: detect items
 13676 | IceCv    | XOM: confuse monster(s)
 13678 | IceCv    | XOM: enchant monster (bad)
 13716 | IceCv    | XOM: enchant monster (good)
 13738 | IceCv    | XOM: mild Erth miscast
 13751 | IceCv    | Slain by a polar bear

Action                   |  1- 3 |  4- 6 |  7- 9 | 10-12 || total
-------------------------+-------+-------+-------+-------++-------
Melee: Short sword       |   106 |   253 |   515 |   383 ||  1257
       Unarmed           |     1 |       |       |       ||     1
       Blowgun           |       |       |     1 |       ||     1
 Fire: Blowgun           |       |       |    32 |       ||    32
Throw: Dart              |     5 |    32 |    60 |    10 ||   107
 Abil: Spit Poison       |       |       |     1 |       ||     1
Evoke: Wand              |       |     1 |     5 |       ||     6
  Use: Scroll            |       |     9 |     9 |     4 ||    22
       Potion            |       |     1 |     2 |     7 ||    10
 Stab: Paralysed         |     2 |     2 |     7 |     4 ||    15
       Sleeping          |     2 |     7 |    20 |     5 ||    34
       Distracted        |       |     1 |     7 |     4 ||    12
       Petrifying        |       |     1 |     1 |     2 ||     4
       Confused          |       |     1 |     6 |     9 ||    16
       Fleeing           |       |       |       |     1 ||     1
